MID
WISCONSIN TIMBER RATTLERS @ ATLANTA (MID) BRAVES
04/21/2044
 
TOP OF THE 1ST
Wisconsin Timber Rattlers batting - Pitching for Atlanta (MID) Braves : RHP Ian Breaux
Pitching: RHP Ian Breaux
Batting: RHB Bryant Thies 0-0: Ball
1-0: Ball
2-0: Ball
3-0: Called Strike
3-1: Base on Balls
Batting: RHB Eddie McCoy 0-0: Ball
1-0: Ball
2-0: DOUBLE (Line Drive, 7LS, EV 111.9 MPH)
Bryant Thies to third
Batting: RHB Jeff Cornett 0-0: Ball
1-0: Called Strike
1-1: Ball
2-1: Swinging Strike
2-2: Strikes out swinging
Batting: RHB Rafael Medina 0-0: Ball
1-0: Fly out, F9 (Flyball, 89D, EV 102.5 MPH)
Runner from 3rd tags up, SCORES, throw by RF
Batting: RHB John Freeman 0-0: Ball
1-0: Called Strike
1-1: SINGLE (Groundball, 34D, EV 100.0 MPH)
Eddie McCoy to third
Runner from 3rd tries for Home, SAFE, throw by RF to home
Batting: RHB Gene Sutton 0-0: Called Strike
0-1: Ball
1-1: Foul Ball, location: 2F
1-2: Strikes out swinging
Top of the 1st over - 2 runs, 2 hits, 0 errors, 1 left on base; Wisconsin 2 - Atlanta (MID) 0
BOTTOM OF THE 1ST
Atlanta (MID) Braves batting - Pitching for Wisconsin Timber Rattlers : RHP Jeff Alanis
Pitching: RHP Jeff Alanis
Batting: SHB Brandon McClain 0-0: Called Strike
0-1: Ground out 3-1 (Groundball, 34, EV 106.9 MPH)
Batting: RHB Andy Cunningham 0-0: Called Strike
0-1: Ball
1-1: Ball
2-1: Foul Ball, location: 2F
2-2: Ball
3-2: Base on Balls
Batting: RHB Xavier Davis 0-0: Called Strike
Andy Cunningham steals 2nd base (no throw)
0-1: Ball
Andy Cunningham steals 3rd base (no throw)
1-1: Fly out, F7 (Line Drive, 7, EV 85.6 MPH)
Batting: RHB Joseph Kirchmann 0-0: Swinging Strike
0-1: Ball
1-1: Ball
2-1: Foul Ball, location: 2F
2-2: Ball
3-2: Strikes out swinging
Bottom of the 1st over - 0 runs, 0 hits, 0 errors, 1 left on base; Wisconsin 2 - Atlanta (MID) 0
TOP OF THE 2ND
Wisconsin Timber Rattlers batting - Pitching for Atlanta (MID) Braves : RHP Ian Breaux
Batting: RHB Tyler Badillo 0-0: Called Strike
0-1: Ball
1-1: Ground out 6-3 (Groundball, 6, EV 84.4 MPH)
Batting: RHB Raymond Young 0-0: Ball
1-0: Ball
2-0: Called Strike
2-1: Foul Ball, location: 2F
2-2: Ball
3-2: Foul Ball, location: 2F
3-2: Base on Balls
Batting: RHB Jamie Youngs 0-0: Called Strike
0-1: Ball
1-1: Ball
2-1: Ball
3-1: Called Strike
3-2: Base on Balls
Raymond Young to second
Batting: RHB Bryant Thies 0-0: SINGLE (Groundball, 4S, EV 69.4 MPH) (infield hit)
Raymond Young to third
Jamie Youngs to second
Batting: RHB Eddie McCoy 0-0: Ball
1-0: Ball
Passed Ball!
Raymond Young scores
Jamie Youngs to third
Bryant Thies to second
2-0: Foul Ball, location: 2F
2-1: Called Strike
2-2: Foul Ball, location: 2F
2-2: Strikes out swinging
Batting: RHB Jeff Cornett 0-0: Foul Ball, location: 2F
0-1: Ball
1-1: SINGLE (Groundball, 4D, EV 98.8 MPH)
Jamie Youngs scores
Bryant Thies to third
Batting: RHB Rafael Medina 0-0: Ball
1-0: Ball
2-0: Fly out, F8 (Flyball, 8RXD, EV 80.0 MPH)
Top of the 2nd over - 2 runs, 2 hits, 0 errors, 2 left on base; Wisconsin 4 - Atlanta (MID) 0
BOTTOM OF THE 2ND
Atlanta (MID) Braves batting - Pitching for Wisconsin Timber Rattlers : RHP Jeff Alanis
Batting: LHB Mark Thomas 0-0: Called Strike
0-1: Fly out, F7 (Flyball, 7S, EV 90.0 MPH)
Batting: LHB Travis Lazaro 0-0: Swinging Strike
0-1: Swinging Strike
0-2: Ball
1-2: Strikes out swinging
Batting: RHB Mike Shook 0-0: Called Strike
0-1: SINGLE (Flyball, 89S, EV 91.9 MPH)
Batting: RHB Nick Platt 0-0: Ball
1-0: Foul Ball, location: 2F
1-1: Called Strike
1-2: Foul Ball, location: 2F
1-2: Strikes out swinging
Bottom of the 2nd over - 0 runs, 1 hit, 0 errors, 1 left on base; Wisconsin 4 - Atlanta (MID) 0
TOP OF THE 3RD
Wisconsin Timber Rattlers batting - Pitching for Atlanta (MID) Braves : RHP Ian Breaux
Batting: RHB John Freeman 0-0: Called Strike
0-1: Called Strike
0-2: Ball
1-2: Foul Ball, location: 2F
1-2: Strikes out looking
Batting: RHB Gene Sutton 0-0: Called Strike
0-1: Ground out 5-3 (Groundball, 56, EV 90.0 MPH)
Batting: RHB Tyler Badillo 0-0: Called Strike
0-1: Foul Ball, location: 2F
0-2: Ball
1-2: Foul Ball, location: 2F
1-2: SINGLE (Line Drive, 56, EV 96.9 MPH)
Batting: RHB Raymond Young 0-0: Called Strike
0-1: Foul Ball, location: 2F
0-2: Ball
1-2: Foul Ball, location: 2F
1-2: Ball
2-2: Strikes out swinging
Top of the 3rd over - 0 runs, 1 hit, 0 errors, 1 left on base; Wisconsin 4 - Atlanta (MID) 0
BOTTOM OF THE 3RD
Atlanta (MID) Braves batting - Pitching for Wisconsin Timber Rattlers : RHP Jeff Alanis
Batting: RHB Bobby Light 0-0: Ball
1-0: Ball
2-0: SINGLE (Groundball, 6MS, EV 73.1 MPH) (infield hit)
Batting: SHB Brandon McClain 0-0: Called Strike
Bobby Light steals 2nd base
0-1: SINGLE (Groundball, 4MS, EV 73.1 MPH) (infield hit)
Bobby Light to third
Batting: RHB Andy Cunningham 0-0: Ball
Brandon McClain steals 2nd base
1-0: Ground out 6-3 (Groundball, 56, EV 80.0 MPH)
Bobby Light scores
Batting: RHB Xavier Davis 0-0: Ball
1-0: Ball
2-0: Called Strike
2-1: SINGLE (Flyball, 8LS, EV 95.6 MPH)
Brandon McClain to third
Runner from 3rd tries for Home, SAFE, throw by CF to home
Batting: RHB Joseph Kirchmann 0-0: Ball
Xavier Davis steals 2nd base
1-0: Foul Ball, location: 2F
1-1: Ground out 5-3 (Groundball, 56S, EV 93.1 MPH)
Batting: LHB Mark Thomas 0-0: Ball
1-0: Foul Ball, location: 2F
1-1: Foul Ball, location: 2F
1-2: Strikes out swinging
Bottom of the 3rd over - 2 runs, 3 hits, 0 errors, 1 left on base; Wisconsin 4 - Atlanta (MID) 2
TOP OF THE 4TH
Wisconsin Timber Rattlers batting - Pitching for Atlanta (MID) Braves : RHP Ian Breaux
Batting: RHB Jamie Youngs 0-0: Ball
1-0: Ball
2-0: Ball
3-0: Called Strike
3-1: Foul Ball, location: 2F
3-2: Strikes out swinging
Batting: RHB Bryant Thies 0-0: Ball
1-0: Ball
2-0: Ground out 4-3 (Groundball, 4, EV 83.1 MPH)
Batting: RHB Eddie McCoy 0-0: Ball
1-0: SINGLE (Flyball, 34D, EV 91.2 MPH)
Batting: RHB Jeff Cornett 0-0: Ball
1-0: Fielders Choice at 2nd, 6-4 (Groundball, 6, EV 102.5 MPH)
Top of the 4th over - 0 runs, 1 hit, 0 errors, 1 left on base; Wisconsin 4 - Atlanta (MID) 2
BOTTOM OF THE 4TH
Atlanta (MID) Braves batting - Pitching for Wisconsin Timber Rattlers : RHP Jeff Alanis
Batting: LHB Travis Lazaro 0-0: Called Strike
0-1: Ball
1-1: Ground out 6-3 (Groundball, 6, EV 100.0 MPH)
Batting: RHB Mike Shook 0-0: Foul Ball, location: 2F
0-1: Ball
1-1: Foul Ball, location: 2F
1-2: Foul Ball, location: 2F
1-2: Foul Ball, location: 2F
1-2: Foul Ball, location: 2F
1-2: Fly out, F8 (Line Drive, 8RM, EV 88.1 MPH)
Batting: RHB Nick Platt 0-0: Ball
1-0: Called Strike
1-1: Foul Ball, location: 2F
1-2: Ball
2-2: Foul Ball, location: 2F
2-2: Ball
3-2: SINGLE (Line Drive, 4D, EV 94.4 MPH)
Batting: RHB Bobby Light 0-0: Ground out 5-3 (Groundball, 56, EV 96.2 MPH)
Bottom of the 4th over - 0 runs, 1 hit, 0 errors, 1 left on base; Wisconsin 4 - Atlanta (MID) 2
TOP OF THE 5TH
Wisconsin Timber Rattlers batting - Pitching for Atlanta (MID) Braves : RHP Ian Breaux
Batting: RHB Rafael Medina 0-0: Called Strike
0-1: Ball
1-1: SINGLE (Groundball, 6D, EV 107.5 MPH)
Batting: RHB John Freeman 0-0: Called Strike
0-1: Foul Ball, location: 2F
0-2: Ball
1-2: SINGLE (Groundball, 6D, EV 103.1 MPH)
Rafael Medina to second
Batting: RHB Gene Sutton 0-0: Ball
1-0: Ball
2-0: Grounds into double play, 4-6-3 (Groundball, 4M, EV 84.4 MPH)
Rafael Medina to third
Batting: RHB Tyler Badillo 0-0: Ball
1-0: Ball
2-0: Called Strike
2-1: Foul Ball, location: 2F
2-2: Ball
3-2: Base on Balls
Batting: RHB Raymond Young 0-0: Ball
1-0: Swinging Strike
1-1: Ball
2-1: DOUBLE (Groundball, 5L, EV 94.4 MPH)
Rafael Medina scores
Tyler Badillo to third
Runner from 3rd tries for Home, SAFE, throw by LF to trailing runner, SAFE at third!
Pitching: RHP Todd Cox
Batting: RHB Jamie Youngs 0-0: Called Strike
0-1: Called Strike
0-2: Foul Ball, location: 2F
0-2: Ground out U3 (Groundball, 34, EV 86.2 MPH)
Top of the 5th over - 2 runs, 3 hits, 0 errors, 1 left on base; Wisconsin 6 - Atlanta (MID) 2
BOTTOM OF THE 5TH
Atlanta (MID) Braves batting - Pitching for Wisconsin Timber Rattlers : RHP Jeff Alanis
Batting: SHB Brandon McClain 0-0: Ground out 4-3 (Groundball, 4, EV 79.4 MPH)
Batting: RHB Andy Cunningham 0-0: Ground out 6-3 (Groundball, P, EV 95.0 MPH)
Batting: RHB Xavier Davis 0-0: Ball
1-0: Swinging Strike
1-1: Fly out, F8 (Flyball, 8RD, EV 88.8 MPH)
Bottom of the 5th over - 0 runs, 0 hits, 0 errors, 0 left on base; Wisconsin 6 - Atlanta (MID) 2
TOP OF THE 6TH
Wisconsin Timber Rattlers batting - Pitching for Atlanta (MID) Braves : RHP Todd Cox
Batting: RHB Bryant Thies 0-0: Foul Ball, location: 2F
0-1: Ball
1-1: Ball
2-1: Ball
3-1: Base on Balls
Batting: RHB Eddie McCoy 0-0: Called Strike
0-1: Called Strike
Bryant Thies steals 2nd, throwing error, E2
Bryant Thies to third
0-2: Ball
1-2: Strikes out swinging
Batting: RHB Jeff Cornett 0-0: Ball
1-0: Ball
2-0: Ball
3-0: Base on Balls
Batting: RHB Rafael Medina 0-0: Called Strike
Jeff Cornett is caught stealing 2nd base 2-4
0-1: Foul Ball, location: 2F
0-2: Strikes out swinging
Top of the 6th over - 0 runs, 0 hits, 1 error, 1 left on base; Wisconsin 6 - Atlanta (MID) 2
BOTTOM OF THE 6TH
Atlanta (MID) Braves batting - Pitching for Wisconsin Timber Rattlers : RHP Jeff Alanis
Batting: RHB Joseph Kirchmann 0-0: Swinging Strike
0-1: Swinging Strike
0-2: Strikes out looking
Batting: LHB Mark Thomas 0-0: Ground out 4-3 (Groundball, 4, EV 93.8 MPH)
Batting: LHB Travis Lazaro 0-0: Ball
1-0: Ball
2-0: Foul Ball, location: 2F
2-1: Foul Ball, location: 2F
2-2: DOUBLE (Line Drive, 78D, EV 103.8 MPH)
Pitching: RHP Justin Orr
Batting: RHB Mike Shook 0-0: Ball
1-0: Called Strike
1-1: Foul Ball, location: 2F
1-2: Ball
2-2: Ball
3-2: Ground out 5-3 (Groundball, 56, EV 78.1 MPH)
Bottom of the 6th over - 0 runs, 1 hit, 0 errors, 1 left on base; Wisconsin 6 - Atlanta (MID) 2
TOP OF THE 7TH
Wisconsin Timber Rattlers batting - Pitching for Atlanta (MID) Braves : RHP Todd Cox
Batting: RHB John Freeman 0-0: Foul Ball, location: 2F
0-1: Ball
1-1: Foul Ball, location: 2F
1-2: SINGLE (Groundball, 6M, EV 104.4 MPH) (infield hit)
Batting: RHB Gene Sutton 0-0: Ball
1-0: Foul Ball, location: 2F
1-1: Hit by Pitch
John Freeman to second
Batting: RHB Tyler Badillo 0-0: Ball
1-0: DOUBLE (Line Drive, 7LS, EV 113.1 MPH)
John Freeman scores
Gene Sutton to third
Batting: RHB Raymond Young 0-0: Called Strike
0-1: Ball
1-1: Ball
2-1: Foul Ball, location: 2F
2-2: Strikes out swinging
Batting: RHB Jamie Youngs 0-0: Ball
1-0: Called Strike
1-1: Foul Ball, location: 2F
1-2: Foul Ball, location: 2F
1-2: Ball
2-2: Strikes out swinging
Batting: RHB Bryant Thies 0-0: Ball
1-0: Ball
2-0: Called Strike
2-1: Foul Ball, location: 2F
2-2: Strikes out swinging
Top of the 7th over - 1 run, 2 hits, 0 errors, 2 left on base; Wisconsin 7 - Atlanta (MID) 2
BOTTOM OF THE 7TH
Atlanta (MID) Braves batting - Pitching for Wisconsin Timber Rattlers : RHP Justin Orr
Now at 2B: Joe LaDue
Now at 3B: Tyler Badillo
Now in LF: Gene Sutton
Batting: RHB Nick Platt 0-0: Ball
1-0: Called Strike
1-1: Ball
2-1: Swinging Strike
2-2: Strikes out swinging
Batting: RHB Bobby Light 0-0: Ground out 1-3 (Groundball, 13, EV 71.9 MPH)
Batting: SHB Brandon McClain 0-0: Called Strike
0-1: Ball
1-1: Ball
2-1: Fly out, F8 (Flyball, 8LD, EV 101.9 MPH)
Bottom of the 7th over - 0 runs, 0 hits, 0 errors, 0 left on base; Wisconsin 7 - Atlanta (MID) 2
TOP OF THE 8TH
Wisconsin Timber Rattlers batting - Pitching for Atlanta (MID) Braves : RHP Todd Cox
Batting: RHB Eddie McCoy 0-0: Ball
1-0: Ball
2-0: Ball
3-0: Base on Balls
Pitching: RHP Craig Goguen
Batting: RHB Joe LaDue 0-0: Ball
1-0: Ball
2-0: Swinging Strike
2-1: Called Strike
2-2: Foul Ball, location: 2F
2-2: Fly out, F4 (Popup, 34D, EV 60.6 MPH)
Batting: RHB Rafael Medina 0-0: Foul Ball, location: 2F
0-1: Foul Ball, location: 2F
0-2: Strikes out swinging
Batting: RHB John Freeman 0-0: Foul Ball, location: 2F
0-1: Fielders Choice at 2nd, 6-4 (Groundball, 6, EV 92.5 MPH)
Top of the 8th over - 0 runs, 0 hits, 0 errors, 1 left on base; Wisconsin 7 - Atlanta (MID) 2
BOTTOM OF THE 8TH
Atlanta (MID) Braves batting - Pitching for Wisconsin Timber Rattlers : RHP Justin Orr
Batting: RHB Andy Cunningham 0-0: Called Strike
0-1: Ground out U3 (Groundball, 3, EV 86.2 MPH)
Batting: RHB Xavier Davis 0-0: Foul Ball, location: 2F
0-1: Fly out, F2 (Popup, 2RF, EV 95.0 MPH)
Batting: RHB Joseph Kirchmann 0-0: Fly out, F4 (Popup, 13, EV 87.5 MPH)
Bottom of the 8th over - 0 runs, 0 hits, 0 errors, 0 left on base; Wisconsin 7 - Atlanta (MID) 2
TOP OF THE 9TH
Wisconsin Timber Rattlers batting - Pitching for Atlanta (MID) Braves : RHP Craig Goguen
Batting: RHB Gene Sutton 0-0: Ball
1-0: Called Strike
1-1: Ball
2-1: Called Strike
2-2: Foul Ball, location: 2F
2-2: Foul Ball, location: 2F
2-2: Fly out, F7 (Flyball, 7S, EV 75.6 MPH)
Batting: RHB Tyler Badillo 0-0: Ball
1-0: Called Strike
1-1: Called Strike
1-2: Strikes out swinging
Batting: RHB Raymond Young 0-0: Called Strike
0-1: Ground out 1-3 (Groundball, P, EV 68.1 MPH)
Top of the 9th over - 0 runs, 0 hits, 0 errors, 0 left on base; Wisconsin 7 - Atlanta (MID) 2
BOTTOM OF THE 9TH
Atlanta (MID) Braves batting - Pitching for Wisconsin Timber Rattlers : RHP Justin Orr
Batting: LHB Mark Thomas 0-0: Ball
1-0: Ball
2-0: Called Strike
2-1: Ball
3-1: Called Strike
3-2: SINGLE (Flyball, 34D, EV 91.9 MPH)
Pitching: RHP Brian Harper
Batting: LHB Travis Lazaro 0-0: Ball
1-0: Ball
2-0: Fielders Choice at 2nd, 4-6 (Groundball, 34, EV 82.5 MPH)
Batting: RHB Mike Shook 0-0: Called Strike
0-1: Foul Ball, location: 2F
0-2: Foul Ball, location: 2F
0-2: Ball
1-2: Ball
2-2: Ball
3-2: Fly out, F8 (Flyball, 8LD, EV 103.8 MPH)
Batting: RHB Nick Platt 0-0: SINGLE (Groundball, 6MD, EV 98.1 MPH)
Travis Lazaro to second
Pinch Hitting: RHB Corey Dalton 0-0: Foul Ball, location: 2F
0-1: Fly out, F4 (Popup, 4S, EV 83.1 MPH)
Bottom of the 9th over - 0 runs, 2 hits, 0 errors, 2 left on base; Wisconsin 7 - Atlanta (MID) 2
Thursday, March 31st , 2022 - OOTP Baseball 22.12 Build 89